 Dungeon Crawl Stone Soup version 0.28-a0-194-g42b4daccc1 (webtiles) character file.

Game seed: 5792717307334349493

51 bande the Skirmisher (level 3, -1/24 HPs)
             Began as a Gargoyle Fighter on Aug 18, 2021.
             Killed from afar by Ijyb (9 damage)
             ... with a bolt of acid
             ... on level 3 of the Dungeon.
             The game lasted 00:03:05 (2257 turns).

bande the Skirmisher (Gargoyle Fighter)             Turns: 2257, Time: 00:03:06

Health: -1/24      AC: 10    Str: 19    XL:     3   Next: 83%
Magic:  3/3        EV:  7    Int:  8    God:
Gold:   56         SH:  8    Dex: 10    Spells: 2/2 levels left

rFire   . . .      SeeInvis .   a - +0 war axe
rCold   . . .      Faith    .   c - +0 kite shield
rNeg    + . .      Spirit   .   b - +0 scale mail
rPois   ∞          Reflect  .   (no helmet)
rElec   +          Harm     .   (no cloak)
rCorr   +          Rampage  .   (no gloves)
Will    .....                   (no boots)
Stlth   ..........              (no amulet)
HPRegen 0.08/turn               f - ring of resist corrosion
MPRegen 0.08/turn               (no ring)

@: no status effects
A: sickness immunity, AC +3, negative energy resistance 1, electricity
resistance, torment resistance 1, petrification resistance
a: no special abilities


You were on level 3 of the Dungeon.
You visited 1 branch of the dungeon, and saw 3 of its levels.

You collected 56 gold pieces.

Inventory:

Hand Weapons
 a - a +0 war axe (weapon)
Armour
 b - a +0 scale mail (worn)
 c - a +0 kite shield (worn)
Jewellery
 f - a ring of resist corrosion (left hand)
Potions
 d - a potion of might
 e - a potion of heal wounds {unknown}
 g - a potion of haste {unknown}


   Skills:
 + Level 4.0 Fighting
 + Level 2.2 Axes
 + Level 3.7 Armour
 + Level 0.1 Dodging
 + Level 3.8 Shields


You had 2 spell levels left.
You didn't know any spells.
Your spell library contained the following spells:

 Spells                   Type           Power      Damage    Failure   Level
 Ozocubu's Armour         Ice            0%         N/A       100%        3
 Tukima's Dance           Hex            0%         N/A       100%        3
 Passage of Golubria      Tloc           N/A        N/A       100%        4
 Yara's Violent Unravell  Hex/Tmut       0%         3d3       100%        5
 Ozocubu's Refrigeration  Ice            0%         4d5       100%        7


Dungeon Overview and Level Annotations

Branches:
Dungeon (3/15)

Altars:
Kikubaaqudgha
Yredelemnul

Shops:
D:2 [([

Annotations:
D:3 Ijyb, Menkaure


Innate Abilities, Weirdness & Mutations

You are immune to sickness and miasma.
Your stone body is resilient. (AC +3)
You are immune to poison.
You resist negative energy. (rN+)
You are resistant to electric shocks. (rElec)
You are resistant to unholy torment.
You are immune to petrification.


Message History

You closely miss Ijyb. Ijyb hits you with a +0 dagger.
Ijyb completely misses you.
You hit Ijyb but do no damage. Ijyb closely misses you.
You closely miss Ijyb. Ijyb hits you but does no damage.
Ijyb hits you with a +0 dagger.
You barely miss Ijyb.
Ijyb zaps a wand.
The bolt of acid hits you! You resist.
You are splashed with acid.
You resist.
You are too injured to fight recklessly!
You are too injured to fight recklessly!
You are too injured to fight recklessly!
You are too injured to fight recklessly!
You are too injured to fight recklessly!
You are too injured to fight recklessly!
You are too injured to fight recklessly!
You are too injured to fight recklessly!
You are too injured to fight recklessly!
You are too injured to fight recklessly!
You are too injured to fight recklessly!
Unknown command.
You hit Ijyb.
Ijyb is lightly wounded.
Ijyb hits you but does no damage. You block Ijyb's attack.
You closely miss Ijyb.
Ijyb is lightly wounded.
You block Ijyb's attack. Ijyb hits you but does no damage.
You closely miss Ijyb. Ijyb hits you but does no damage.
You hit Ijyb but do no damage. You block Ijyb's attack.
Ijyb hits you but does no damage.
You closely miss Ijyb. You block Ijyb's attack. x2
You hit Ijyb.
Ijyb is lightly wounded.
Ijyb hits you with a +0 dagger.
* * * LOW HITPOINT WARNING * * *
You hit Ijyb.
Ijyb is moderately wounded.
Ijyb zaps a wand.
The bolt of acid misses you. Ijyb barely misses you.
You barely miss Ijyb.
Ijyb is moderately wounded.
Ijyb zaps a wand.
The bolt of acid hits you! You resist.
You die...

#.# ### #.# #.#
###.## #.# #.#
.#.#.###.#######..
...............#.#
######......##.#.#
#...##.##.#K#
#...##.##.#g#
#.#.##.##.#@#
#.#.......#.#
#.#.......#.#
#.#.........#
..##......#.#
#........#
..<.......#
#####........
######.##


You could see Ijyb and a kobold.

Vanquished Creatures
  A dart slug (D:2)
  4 orcs (D:2)
  4 bats
  5 endoplasms
  A giant cockroach (D:2)
  3 goblins
  6 hobgoblins
  5 kobolds (D:2)
  A quokka (D:2)
  5 ball pythons
  A frilled lizard (D:1)
  5 rats
41 creatures vanquished.

Notes
Turn   | Place    | Note
-------+----------+-------------------------------------------
     0 | D:1      | bande the Gargoyle Fighter began the quest for the Orb.
     0 | D:1      | Reached XP level 1. HP: 14/14 MP: 1/1
   167 | D:1      | Reached XP level 2. HP: 19/19 MP: 2/2
  1151 | D:1      | Reached XP level 3. HP: 21/24 MP: 3/3
  1264 | D:2      | Found Litu's Armour Emporium.
  1323 | D:2      | Found Turuot's Antique Weapon Boutique.
  1502 | D:2      | Found Haarec's Armour Emporium.
  2085 | D:2      | Reached skill level 4 in Fighting
  2209 | D:3      | Found a basalt altar of Yredelemnul.
  2209 | D:3      | Noticed Menkaure
  2210 | D:3      | Found an ancient bone altar of Kikubaaqudgha.
  2241 | D:3      | Noticed Ijyb
  2257 | D:3      | Killed from afar by Ijyb

Illustrated notes

Levels and vault maps discovered:
D:1:      evilmike_arrival_rings, layout_basic, serial_park_tiny_2,
          chequers_garden
D:2:      layout_basic, serial_shops, nicolae_shop_behind_doors, shop,
          shop_statue, amethyst_killhole, minmay_misc_feat_secret_circle
D:3:      layout_loops_ring, gammafunk_temple_of_torment, uniq_ijyb

Skill      XL: |  1  2  3 |
---------------+----------+-----
Axes           | 2 |  2.2
Fighting       | 4 |  4.0
Armour         | |  3.7
Dodging        | |  0.1
Shields        | |  3.8

Action                   || total
-------------------------++-------
Melee: War axe           ||   117
  Use: Scroll            ||     1
Armor: Scale mail        ||    64
Dodge: Dodged            ||    43
Block: Kite shield       ||    48

Table legend: (Time is in decaauts)
 A = Elapsed time spent in this place.
 B = Non-inter-level travel time spent in this place.
 C = Inter-level travel time spent in this place.
 D = Time resting spent in this place.
 E = Time spent auto-exploring this place.
 F = Levels seen in this place.
 G = Mean time per level.
                   A        B        C        D        E       F      G
               +--------+--------+--------+--------+--------+-----+--------+
         Total |   2329 |   2280 |     49 |    298 |   1601 |   3 |  776.3 |
       Dungeon |   2329 |   2280 |     49 |    298 |   1601 |   3 |  776.3 |
               +--------+--------+--------+--------+--------+-----+--------+

Top non-repeatable levels by time:
     D:1: 1279 daAuts
     D:2: 985 daAuts
     D:3: 64 daAuts
